 Dungeon Crawl Stone Soup version 0.19-a0-1920-g83281cb (webtiles) character file.

24 Duralumin the Vexing (level 2, 0/11 HPs)
             Began as a Felid Enchanter on Oct 23, 2016.
             Slain by a jackal (1 damage)
             ... on level 1 of the Dungeon.
             The game lasted 00:03:34 (396 turns).

Duralumin the Vexing (Felid Enchanter)               Turns: 396, Time: 00:03:35

Health: 0/11       AC:  1    Str:  4    XL:     2   Next: 79%
Magic:  1/6        EV: 18    Int: 16    God:
Gold:   11         SH:  0    Dex: 16    Spells: 2 memorised, 2 levels left
                                        Lives:  0   Deaths: 0

rFire  . . .     SeeInvis +       - Unarmed
rCold  . . .     Gourm    .     (armour unavailable)
rNeg   . . .     Faith    .     (shield unavailable)
rPois  .         Spirit   .     (helmet unavailable)
rElec  .         Reflect  .     (cloak unavailable)
rCorr  .         Harm     .     (gloves unavailable)
MR     .....                    (boots unavailable)
Stlth  +++.......               (no amulet)
                                (no ring)
                                (no ring)

@: quick
A: no armour, no weapons or thrown items, stealth, claws 1, fangs 3, see
invisible, carnivore 3, speed 1, shaggy fur 1, slow metabolism 1, sharp paws
a: no special abilities


You were on level 1 of the Dungeon.
You were full.

You visited 1 branch of the dungeon, and saw 1 of its levels.

You collected 11 gold pieces.

Inventory:

Scrolls
 c - 3 scrolls of fear {unknown}
 e - a scroll of magic mapping {unknown}
 f - 2 scrolls of identify {unknown}
Potions
 g - a potion of magic {unknown}
 h - a potion of haste {unknown}
Books
 a - a book of Maledictions

   Spells                             Type                      Level
   a - Corona                         Hexes                        1
   b - Ensorcelled Hibernation        Hexes/Ice                    2
   c - Confuse                        Hexes                        3
   d - Tukima's Dance                 Hexes                        3
   e - Dazzling Spray                 Conjuration/Hexes            3
Comestibles
 b - a meat ration
 d - a slice of pizza
 i - a beef jerky


   Skills:
 - Level 2.6 Dodging
 + Level 4.9 Stealth
 - Level 1.0 Unarmed Combat
 - Level 2.0 Spellcasting
 + Level 5.2 Hexes
 + Level 0.1 Ice Magic


You had 2 spell levels left.
You knew the following spells:

 Your Spells              Type           Power        Failure   Level  Hunger
a - Corona                Hex            ###....      2%          1    #......
b - Ensorcelled Hibernat  Hex/Ice        ##....       12%         2    ###....


Dungeon Overview and Level Annotations

Branches:
Dungeon (1/15)

Altars:


Innate Abilities, Weirdness & Mutations

You cannot wear armour.
You are incapable of wielding weapons or throwing items.
Your paws allow you to move quietly. (Stealth)
You have sharp claws.
You have razor-sharp teeth.
You have supernaturally acute eyesight. (SInv)
You are carnivorous and can eat meat at any time.
You cover ground quickly.
You are covered in fur. (AC +1)
You have a slow metabolism.
Your sharp claws are effective at attacking unaware monsters.


Message History

A rat comes into view.
Casting: Ensorcelled Hibernation
Confirm with . or Enter, or press ? or * to list all spells.
Aiming: Ensorcelled Hibernation
Press: ? - help, Shift-Dir - straight line, f - jackal
Aim: a jackal (chance to defeat MR: 59%)
The jackal resists with significant effort.
The jackal misses you.
Casting: Ensorcelled Hibernation
Confirm with . or Enter, or press ? or * to list all spells.
Aiming: Ensorcelled Hibernation
Press: ? - help, Shift-Dir - straight line, f/p - jackal
Aim: a jackal (chance to defeat MR: 59%)
The jackal looks drowsy...
The helpless jackal fails to defend itself.
You claw the jackal!
You kill the jackal!
The jackal closely misses you. The jackal bites you.
You die...

##.........#.####
#....####.#.#
...[.......r.#
##....#####..#
#########..###
.........r†####
######..##....#
...........#####
#.##.#####hh.†..# ..
.. ######.# . ###
#.######..
#####......... ..
######.h..h######..
# .$.###......#####
. #.........####
.##.
#......##....###
#....
....###.#####...####
#.....


You could see a jackal and a rat.

Vanquished Creatures
  A gnoll (D:1)
  3 hobgoblins (D:1)
  3 jackals (D:1)
  2 kobolds (D:1)
  A bat (D:1)
  A frilled lizard (D:1)
  3 rats (D:1)
14 creatures vanquished.

Notes
Turn   | Place    | Note
-------+----------+-------------------------------------------
     0 | D:1      | Duralumin the Felid Enchanter began the quest for the Orb.
     0 | D:1      | Reached XP level 1. HP: 7/7 MP: 4/4
   129 | D:1      | Reached skill level 5 in Hexes
   129 | D:1      | Reached XP level 2. HP: 11/11 MP: 6/6
   257 | D:1      | Learned a level 2 spell: Ensorcelled Hibernation
   396 | D:1      | Slain by a jackal

Vault maps used:
D:1:      kilobyte_arrival_exit_the_forest

Skill      XL: |  1 |
---------------+----+-----
Hexes          | 5 |  5.2
Dodging        | |  2.6
Stealth        | |  4.9
Unarmed Combat | |  1.0
Spellcasting   | |  2.0
Ice Magic      | |  0.1

Action                   || total
-------------------------++-------
Melee: Unarmed           ||    32
       Bite              ||     3
 Cast: Ensorcelled Hiber ||     4
       Corona            ||     3
 Stab: Sleeping          ||     8
  Eat: Chunk             ||     4
Armor: Skin              ||     4
Dodge: Dodged            ||    26
